[Event "European Women Blitz-ch 2024"]
[Site "Monaco"]
[Date "2025.01.10"]
[Round "6.2"]
[White "Matnadze Bujiashvili, Ann"]
[Black "Arabidze, Meri"]
[Result "1/2-1/2"]
[Annotator "TA"]
[ECO "E06"]
[WhiteElo "2315"]
[BlackElo "2457"]
[PlyCount "104"]
[EventDate "2025.01.06"]
[EventType "swiss"]
[EventCountry "MNC"]
[SourceTitle "playchess.com"]
[Source "ChessBase"]
[SourceQuality "1"]
[TimeControl "180+2"]

1. d4 d5 2. Nf3 Nf6 3. g3 e6 4. Bg2 Be7 5. c4 O-O 6. Nc3 c6 7. O-O a5 8. Nd2 b5 9. cxb5 cxb5 10. Nxb5 Qb6 11. Nc3 Qxd4 12. e4 Bb7 13. exd5 Nxd5 14. Nde4 Qxd1 15. Rxd1 Nd7 (15... Na6 $11) 16. Nxd5 $16 Bxd5 17. Nc3 $1 Nf6 (17... Bxg2 $2 18. Rxd7 Bh3 19. Rxe7 $18) 18. Nxd5 Nxd5 19. Bxd5 exd5 20. Be3 (20. Rxd5 $16 Bd8 21. a4) 20... Bf6 21. Bd4 $1 Bxd4 22. Rxd4 $14 {[%emt 0:00:01][%cal Ob2b3][%mdl 4096] Endgame KRR-KRR} Rfc8 23. Rxd5 {[%emt 0:00:08] White is more active.} Rc2 24. Rad1 {[%emt 0:00:03] White wants to mate with Rd8+.} g6 25. R1d2 Rac8 (25... Rc4 $16 26. b3 Rc1+ 27. Kg2 Ra6) 26. Rxc2 $18 Rxc2 27. Rxa5 Rxb2 {[%emt 0:00:01] KR-KR. White is a pawn up.} 28. g4 (28. a4 $142) 28... Kg7 29. Ra6 h6 30. Kg2 Rc2 31. h3 Rb2 32. Kg3 Rc2 (32... h5 $142) 33. a4 Ra2 (33... Rc3+ $16 34. Kg2 Rc4) 34. Kf3 (34. h4 $1 $18) 34... Ra3+ $16 35. Kg2 Ra2 {[%emt 0:00:00] [#]} (35... Kf8 $16) 36. a5 (36. h4 $1 $18) 36... Kf8 ({Black should try} 36... Ra4 $1 $14) 37. Ra7 (37. h4 $16) 37... Kg7 $14 38. a6 Kf6 39. Ra8 Ra3 {[%emt 0:00:06] [#]} (39... Kg5 $14) 40. a7 $2 ({White has to play} 40. f4 $1 $18) 40... Kg5 $1 $11 41. Kf1 Kh4 42. Kg2 (42. Rh8 {simplifies} Rxa7 43. Rxh6+ Kg5 44. Rh7) 42... Kg5 43. Kf1 Kh4 44. Rh8 Rxa7 45. Rxh6+ Kg5 46. Rh7 Kf6 47. h4 Ra4 48. f3 Ra2 49. Rh8 Kg7 50. Re8 Rh2 51. Re2 Rxh4 52. Kg2 Rh8 1/2-1/2

[Event "European Women Blitz-ch 2024"]
[Site "Monaco"]
[Date "2025.01.10"]
[Round "6.3"]
[White "Kosteniuk, Alexandra"]
[Black "Kanyamarala, Trisha"]
[Result "1-0"]
[Annotator "TA"]
[ECO "B22"]
[WhiteElo "2484"]
[BlackElo "2158"]
[PlyCount "100"]
[EventDate "2025.01.06"]
[EventType "swiss"]
[EventCountry "MNC"]
[SourceTitle "playchess.com"]
[Source "ChessBase"]
[SourceQuality "1"]
[TimeControl "180+2"]

1. e4 c5 2. c3 Nf6 3. e5 Nd5 4. Bc4 Nb6 5. Bb3 d5 6. exd6 Qxd6 7. Nf3 c4 8. Bc2 Nc6 9. Na3 Bg4 10. h3 Bh5 11. Qe2 {[%emt 0:00:03] Inhibits Ne5.} e6 ({Black should try} 11... Bg6 $14) 12. g4 Bg6 13. Bxg6 hxg6 14. Nxc4 Nxc4 15. Qxc4 a6 (15... e5 $14) 16. d4 $16 b5 17. Qe2 Qd5 18. a4 b4 (18... Na5 $14) 19. c4 Qa5 (19... Qd6 $16) 20. b3 O-O-O 21. Bb2 Be7 22. O-O-O Rd7 23. Qe4 Qc7 24. Kc2 Rhd8 25. h4 Kb8 26. h5 gxh5 27. Rxh5 g6 28. Rh7 Bf8 (28... Bc5 {is a better defense.} 29. Rhh1 Be7) 29. Rh8 Bg7 30. Rxd8+ Nxd8 31. d5 Bxb2 32. Kxb2 exd5 33. Rxd5 (33. cxd5 Qc3+ 34. Ka2 Re7 35. Qf4+ (35. Qxe7 Qc2+ 36. Ka1 Qc3+ 37. Ka2 Qc2+ 38. Ka1 Qc3+ 39. Kb1 Qxb3+ 40. Kc1 Qc3+ 41. Kb1 Qb3+ 42. Kc1 Qc3+ 43. Kb1 Qb3+ $11) 35... Ka7 $16) 33... Rxd5 34. Qxd5 $18 {[%emt 0:00:01][%mdl 4096] Endgame And now Ne5 would win. KQN-KQN. White is a pawn up.} Nb7 $2 (34... Qb6 $16) 35. Qe5 (35. Ne5 $18 {has better winning chances.}) 35... Nd6 (35... Nc5 $16 36. Ka2 a5 37. Qe8+ Qc8 38. Qb5+ (38. Qxf7 Qxg4 39. Qe8+ Ka7 $16) 38... Qb7) 36. Qd5 Nb7 37. Ne5 Nd8 $2 {[%emt 0:00:02] [#]} (37... Ka8 $18 38. Kc2 (38. Nxf7 Qf4 $11) 38... Qe7) 38. Qxd8+ $3 Qxd8 39. Nc6+ (39. Nxf7 Qf6+ 40. Kc2 Qc3+ (40... Qxf7 $2 41. f4 $19) 41. Kd1 Qxb3+ 42. Ke2 Qxc4+ 43. Ke3 Qxf7 44. f4 b3 45. Kd3 b2 (45... Qxf4 {gets mated.} 46. Kc3 Qxa4 47. g5 a5 48. Kd3 b2 49. Kd2 Qe4 50. Kc3 b1=Q 51. Kd2 Qee1#) 46. Kc2 Qa2 (46... Qxf4 47. Kxb2 Qd2+ 48. Kb3 Kc7 49. Kc4 Kb6 50. a5+ Kc6 51. Kb3 Kb5 52. Ka3 Kc4 53. g5 Kc3 54. Ka4 Qa2#) 47. Kd3 b1=Q+ (47... b1=B+ 48. Ke3 Qb3+ 49. Kf2 Be4 50. Ke2 Qf3+ 51. Kd2 Qd3+ 52. Ke1 Qe3+ 53. Kd1 Bd3 54. g5 Qe2+ 55. Kc1 Qc2#) 48. Ke3 Qa3+ (48... Qxa4 49. Kf3 Qh1+ 50. Kg3 Qb3+ 51. Kf2 Qbf3#) 49. Ke2 Qad3+ 50. Kf2 Qbf1#) 39... Kc7 40. Nxd8 Kxd8 {[%emt 0:00:01] KP-KP. White is a pawn up.} 41. Kc2 a5 42. Kd3 Kc7 43. Kd4 Kd6 44. c5+ Kc6 45. g5 Kd7 46. Kd5 Kc7 47. c6 Kc8 48. Kc5 Kc7 49. Kb5 Kd6 50. Kb6 Kd5 1-0

[Event "European Women Blitz-ch 2024"]
[Site "Monaco"]
[Date "2025.01.10"]
[Round "6.4"]
[White "Tsolakidou, Stavroula"]
[Black "Khademalsharieh, Sarasadat"]
[Result "1/2-1/2"]
[Annotator "TA"]
[ECO "A13"]
[WhiteElo "2451"]
[BlackElo "2458"]
[PlyCount "91"]
[EventDate "2025.01.06"]
[EventType "swiss"]
[EventCountry "MNC"]
[SourceTitle "playchess.com"]
[Source "ChessBase"]
[SourceQuality "1"]
[TimeControl "180+2"]

1. c4 e6 2. g3 d5 3. Bg2 dxc4 4. Nf3 Nd7 5. O-O a6 6. a4 Ngf6 7. Qc2 c5 8. a5 Be7 9. Qxc4 O-O 10. Nc3 b5 11. axb6 Nxb6 12. Qa2 Bb7 13. d3 Nfd5 14. Qa5 Nb4 15. Bf4 N6d5 16. Bd2 Qb8 17. Rfc1 Rc8 18. Ne4 Qa7 19. Ne5 h6 20. Nc4 Nc6 21. Qa4 Nd4 22. Qd1 Bc6 23. e3 Nb5 24. Ba5 Qb7 25. Qd2 Rab8 26. Nc3 (26. Ne5 $16) 26... Nb4 27. Bxc6 Rxc6 {[%emt 0:00:02] [#]} (27... Nxc6 $11 28. Na4 Nxa5 29. Qxa5 h5) 28. Na4 (28. Bxb4 $1 $16 cxb4 29. Na5 bxc3 30. Rxc3 (30. Nxb7 cxd2 31. Rxc6 Rxb7 $19) 30... Nxc3 31. Nxb7) 28... Nd5 29. Qe2 Qc8 $2 {[%emt 0:00:02] [#]} (29... Bf8 $14) 30. Nab6 $2 (30. Ne5 $1 $18 ) 30... Nxb6 31. Nxb6 Rcxb6 32. Bxb6 Rxb6 33. d4 Rc6 (33... Na7 $142 34. b4 Rxb4 35. Qxa6 Rb7) 34. dxc5 $17 Bxc5 35. Qc4 Rc7 36. Qa4 Bd6 (36... Qd7 $17) 37. Rxc7 $11 Nxc7 (37... Bxc7 {simplifies} 38. Qxa6 Qxa6 39. Rxa6 Kf8) 38. Qc6 Qf8 39. Rd1 Nb5 40. Qxa6 Qb8 41. Qc6 Be5 42. Rd7 Nd6 (42... Bxb2 $2 {loses.} 43. Rb7 Qa8 44. Qxb5 $18) 43. Qc5 Qxb2 44. Rxd6 Bxd6 45. Qxd6 Qb1+ 46. Kg2 1/2-1/2

[Event "European Women Blitz-ch 2024"]
[Site "Monaco"]
[Date "2025.01.10"]
[Round "6.5"]
[White "Narva, Mai"]
[Black "Rudzinska, Michalina"]
[Result "0-1"]
[Annotator "TA"]
[ECO "C00"]
[WhiteElo "2398"]
[BlackElo "2226"]
[PlyCount "72"]
[EventDate "2025.01.06"]
[EventType "swiss"]
[EventCountry "MNC"]
[SourceTitle "playchess.com"]
[Source "ChessBase"]
[SourceQuality "1"]
[TimeControl "180+2"]

1. e4 c5 2. Nf3 e6 3. g3 Nc6 4. Bg2 Nf6 5. d3 d5 6. Qe2 Be7 7. e5 Nd7 8. c4 Rb8 9. O-O b5 (9... d4 $142) 10. cxd5 $11 exd5 11. Nc3 d4 (11... Nf8 $11) 12. Nd5 $16 Nb6 {[%emt 0:00:10] [#]} (12... O-O $16) 13. Nxe7 (13. Nf6+ $1 $18 Kf8 (13... gxf6 14. exf6 Nd5 15. fxe7 $18) 14. Ng5 gxf6 15. exf6 Bxf6 16. Bxc6) 13... Nxe7 (13... Qxe7 $16 14. Nh4 Nb4) 14. Bd2 (14. Ng5 $18 {is more deadly.}) 14... O-O 15. Rac1 Be6 ({Better is} 15... c4 $14) 16. Rxc5 $18 Na4 17. Rcc1 Bxa2 (17... b4 18. Ng5 Bxa2) 18. Bb4 Re8 19. Bd6 {[%emt 0:00:05] A strong pair of Bishops.} Rb6 (19... Rc8 {is a better defense.} 20. Nxd4 Qb6) 20. Nxd4 Ng6 21. Nc6 Qd7 22. Qc2 Qe6 23. Nd4 {[%emt 0:00:04] Dodges Bb3} Qg4 24. f4 h5 25. b3 h4 26. bxa4 hxg3 27. h3 Qh4 28. Qxa2 Nxf4 29. Bc5 Rb7 30. Bxb7 Nxh3+ 31. Kg2 Nf4+ 32. Kf3 g2 33. Rg1 {[%emt 0:00:03] aiming for Nf5.} (33. Nxb5 gxf1=N 34. Rxf1 g5 $16) 33... Qh3+ 34. Kxf4 g5+ {[%emt 0:00:02] [#]} 35. Ke4 $1 Qg3 36. Qxg2 $4 (36. Bd6 $18 Re7 37. Rc8+ (37. Bxe7 Qg4+ 38. Ke3 bxa4 $18) (37. Qxg2 f5+ 38. Kd5 f4 $18) (37. Rxg2 Qf4+ 38. Kd5 Re6 $18) 37... Kh7 38. Bxe7 f5+ 39. exf6 (39. Kxf5 Qf4+ 40. Ke6 Qxd4 41. Be4+ Qxe4 42. dxe4 Kh6 43. Qxg2 Kg7 44. Qxg5+ Kh7 45. Qh5#) 39... Qh4+ 40. Kd5) 36... Rxe5# 0-1

[Event "European Women Blitz-ch 2024"]
[Site "Monaco"]
[Date "2025.01.10"]
[Round "6.6"]
[White "Benmesbah, Natacha"]
[Black "Ushenina, Anna"]
[Result "0-1"]
[Annotator "TA"]
[ECO "B43"]
[WhiteElo "2259"]
[BlackElo "2418"]
[PlyCount "58"]
[EventDate "2025.01.06"]
[EventType "swiss"]
[EventCountry "MNC"]
[SourceTitle "playchess.com"]
[Source "ChessBase"]
[SourceQuality "1"]
[TimeControl "180+2"]

1. e4 c5 2. Nf3 e6 3. d4 cxd4 4. Nxd4 a6 5. Nc3 b5 6. a3 Bb7 7. Be3 Qc7 8. Qd2 Nf6 9. f3 d5 10. exd5 Nxd5 11. Nxd5 Bxd5 12. Bd3 Nd7 13. a4 b4 14. a5 Bd6 15. Be4 (15. Ne2 $17) 15... Bxe4 $1 $19 (15... Bxh2 16. Bxd5 (16. Qxb4 Bxe4 17. fxe4 Bd6 $17) 16... exd5 17. f4 $18 (17. Qxb4 Bg3+ 18. Kd1 Rb8 $14)) 16. fxe4 Nf6 (16... Bxh2 17. O-O-O Be5 18. Qxb4 $11) (16... Ne5 $19 17. Bf4 Nc4 18. Bxd6 Qxd6) 17. Qd3 (17. e5 $17 Bxe5 18. Qxb4) 17... O-O 18. Bg5 (18. Nb3 $17) 18... Ng4 (18... Bxh2 19. Bxf6 gxf6 20. O-O-O Bf4+ 21. Kb1 $17) 19. Nb3 $2 (19. Qe2 Be5 (19... Nxh2 $2 20. O-O-O $19) 20. O-O-O) 19... h6 20. O-O-O Be5 $2 (20... Bxh2 21. Bh4 $19) (20... Rac8 $19 {is more deadly.} 21. Bh4 Ne3 (21... Bxh2 $2 22. Kb1 $19)) 21. Bh4 $2 (21. Qe2 $17) 21... Rfc8 (21... Nxh2 22. Qe2 $17) (21... Bxh2 $2 22. Qe2 Bf4+ 23. Kb1 $17) 22. h3 (22. Rde1 {keeps fighting.}) 22... Bf4+ 23. Kb1 Ne3 24. Rc1 $2 (24. Bf2 Rd8 (24... Nxd1 $2 25. Qxd1 Qc4 26. Qd3 $19) (24... Qxc2+ 25. Qxc2 Nxc2 26. g3 $17) (24... Nxc2 25. Bc5 $16) (24... Nxg2 $2 {perishes.} 25. Rdg1 $18) 25. Bxe3 Rxd3 26. Rxd3) 24... Nc4 {[%emt 0:00:03][%cal Oc7e5] Hoping for ...Qe5!.} ({Don't take} 24... Nxg2 25. Bf2 Bxc1 26. Rxc1 $19) 25. Rcf1 (25. Bf2 $142 Rd8 (25... Nxa5 $2 26. Rcd1 $19) 26. Qe2 Bxc1 (26... Nxa5 $2 27. Rcd1 $19) 27. Rxc1) 25... Be5 (25... Nxa5 $2 26. Nxa5 Be5 (26... g5 27. Rxf4 gxf4 28. Nb3 $16) 27. Nb3 $17) 26. Be1 Nxb2 27. Qe2 Na4 {[%emt 0:00:06] ( -> ...Nc3+)} 28. Bxb4 Nc3+ 29. Bxc3 Qxc3 0-1

[Event "European Women Blitz-ch 2024"]
[Site "Monaco"]
[Date "2025.01.10"]
[Round "6.7"]
[White "Savina, Anastasia"]
[Black "Maltsevskaya, Aleksandra"]
[Result "0-1"]
[Annotator "TA"]
[ECO "E73"]
[WhiteElo "2318"]
[BlackElo "2368"]
[PlyCount "106"]
[EventDate "2025.01.06"]
[EventType "swiss"]
[EventCountry "MNC"]
[SourceTitle "playchess.com"]
[Source "ChessBase"]
[SourceQuality "1"]
[TimeControl "180+2"]

1. d4 Nf6 2. c4 g6 3. Nc3 Bg7 4. e4 d6 5. Be2 O-O 6. h4 c5 7. d5 e6 8. h5 exd5 9. exd5 Re8 10. hxg6 hxg6 11. Bh6 Bxh6 12. Rxh6 Nbd7 13. Qd2 b5 14. cxb5 a6 (14... Ne4 $1 $11 15. Nxe4 Rxe4) 15. Rh1 (15. Rh4 $14) 15... Nf8 (15... Ne4 $1 $11 16. Qh6 Qf6) 16. O-O-O (16. Qh6 $1 $16 N6h7 17. O-O-O) 16... axb5 ({Better is} 16... Ne4 $1 $14 17. Nxe4 Rxe4) 17. Bxb5 {[%emt 0:00:03][%cal Od2h6] and Qh6! would now be decisive} Bd7 18. Bc4 ({White should play} 18. Bc6 $18) 18... Ne4 $1 $14 19. Nxe4 Rxe4 20. Qc3 {[%emt 0:00:03][%csl Gh1][%cal Rc3h8] Against Rxc4} Nh7 21. Nf3 {[%emt 0:00:02] Against Qg5+} Qf6 {[%emt 0:00:04] Wards off Rxh7} 22. Qxf6 (22. Nd2 $14 {is more appropriate.} Rg4 23. g3) 22... Nxf6 $11 23. Bd3 (23. Nd2 $1 $11 Rg4 24. Rh2) 23... Rg4 $36 {[%emt 0:00:02][%mdl 2048] Black is in control.} 24. a3 Rxg2 25. Rh2 Rxh2 26. Nxh2 Kg7 (26... Nxd5 $2 27. Be4 $18) 27. Bc4 {[%emt 0:00:04] [#]} Rh8 {[%emt 0:00:02] Black is more active.} (27... Ra4 $1 $17 28. Bd3 Rd4 (28... Nxd5 29. Bc2 $11)) 28. Nf3 $2 {[%emt 0:00:02] [#]} (28. Nf1 $15) 28... Bg4 $1 $19 29. Rd3 (29. Be2 $142) 29... Rh1+ 30. Kd2 Rf1 $2 (30... Ne4+ $19 {is more deadly.} 31. Kc2 Nxf2) 31. Re3 $2 (31. Ke3 $17 {was the only defense.}) 31... Rxf2+ 32. Kc3 $2 (32. Be2) 32... Bxf3 33. a4 Bd1 34. a5 Rc2+ 35. Kd3 Rc1 36. Kd2 Ra1 37. Re1 Rxa5 38. Kxd1 {[%emt 0:00:02][%mdl 4096] Endgame KRB-KRN. Black is two pawns up.} (38. Rxd1 $142 Ra8 39. Kd3) 38... Ra4 39. b3 Ra2 40. Re7 Ng4 41. Bb5 Rb2 42. Be8 Rxb3 (42... Kf8 $142 43. Rxf7+ Kxe8) 43. Rxf7+ Kh6 44. Rd7 $2 (44. Kc1 {keeps fighting.}) 44... Rd3+ 45. Ke2 Rxd5 46. Bf7 Rd4 47. Rd8 Ne5 ({Much less strong is} 47... Kg5 48. Bb3) 48. Be6 Kg5 49. Ke3 Rd1 50. Rf8 Nc6 51. Bf7 Rf1 {[%emt 0:00:02] ...Ne5 would now be deadly.} 52. Ke2 Rf6 53. Rc8 Nd4+ 0-1

[Event "European Women Blitz-ch 2024"]
[Site "Monaco"]
[Date "2025.01.10"]
[Round "6.8"]
[White "Roebers, Eline"]
[Black "Kazarian, Anna-Maja"]
[Result "1-0"]
[Annotator "TA"]
[ECO "C00"]
[WhiteElo "2381"]
[BlackElo "2206"]
[PlyCount "55"]
[EventDate "2025.01.06"]
[EventType "swiss"]
[EventCountry "MNC"]
[SourceTitle "playchess.com"]
[Source "ChessBase"]
[SourceQuality "1"]
[TimeControl "180+2"]

1. e4 e6 2. Nf3 d5 3. e5 c5 4. b4 d4 5. bxc5 Bxc5 6. Ba3 Qa5 7. Bxc5 (7. Qe2 $5) 7... Qxc5 8. Bd3 Nc6 9. Qe2 {[%emt 0:00:09] [#]} (9. O-O $15 {might be stronger.}) 9... Nb4 (9... Qb4 $1 $17 {[%cal Rb4b2] Threatens to win with ...Qb2.} 10. O-O Qb2) 10. Na3 Ne7 11. Nc4 Ng6 (11... O-O $11) 12. O-O (12. Nd6+ $142 Ke7 13. Bxg6 hxg6 14. O-O) 12... O-O $16 13. Bxg6 hxg6 (13... fxg6 $142 14. Nd6 Rb8) 14. d3 (14. Nd6 $142) 14... b5 15. Nd6 Bd7 {[%emt 0:00:10] [#]} 16. Qe4 $1 {[%emt 0:00:16] Threatens to win with Qh4.} Qxc2 $2 (16... Nd5 $16 17. Qh4 (17. Nxd4 $2 {too greedy.} Nc3 $19) (17. Qxd4 Qxd4 18. Nxd4 Nc3 $16) 17... f6) 17. Qh4 (17. Qxd4 Nd5 $16) (17. Nxd4 Qxd3 18. Qg4 Nc6 $16) 17... f6 {[%emt 0:00:18] Wards off Ng5} 18. exf6 (18. Qxd4 Nd5 $16) (18. Nxd4 Qc7 $16) 18... gxf6 19. Qh6 ({Not} 19. Nxd4 Qc5 20. N4xb5 Bxb5 $11) 19... Bc6 20. Qxg6+ Kh8 21. Nf7+ Rxf7 22. Qxf7 Qxd3 23. Qxf6+ Kg8 24. Ne5 (24. Qxe6+ $142 Kg7 25. Qe7+ Kg8 26. Qg5+ (26. Qxb4 Bxf3 27. gxf3 Kf7 $18) 26... Kf8 27. Qf6+ Kg8 28. Rfe1 (28. Nxd4 Qe4 $18)) 24... Qe4 (24... Qf5 $142 25. Qxf5 exf5) 25. Qf7+ $18 Kh8 26. Ng6+ (26. Qxe6 $2 Qxg2#) 26... Qxg6 27. Qxg6 {[%emt 0:00:01][%cal Oa1e1] White threatens Rae1! and mate.} Rg8 28. Qh6# 1-0

[Event "European Women Blitz-ch 2024"]
[Site "Monaco"]
[Date "2025.01.10"]
[Round "6.9"]
[White "Hrebenshchykova, Yelyzaveta"]
[Black "Zhukova, Natalia"]
[Result "0-1"]
[Annotator "TA"]
[ECO "C88"]
[WhiteElo "2280"]
[BlackElo "2306"]
[PlyCount "74"]
[EventDate "2025.01.06"]
[EventType "swiss"]
[EventCountry "MNC"]
[SourceTitle "playchess.com"]
[Source "ChessBase"]
[SourceQuality "1"]
[TimeControl "180+2"]

1. e4 e5 2. Nf3 Nc6 3. Bb5 a6 4. Ba4 Nf6 5. O-O b5 6. Bb3 Bb7 7. d3 Be7 8. a4 O-O 9. Re1 d6 10. c3 Qd7 11. Nbd2 h6 12. Nf1 (12. Nh4 {is interesting.} Rfb8 13. Nf5 Bc8 14. Nf3) 12... Nd8 13. axb5 axb5 14. Rxa8 Bxa8 15. Ng3 Ne6 16. d4 exd4 17. cxd4 c5 18. d5 Nc7 19. Nf5 Re8 20. Nxe7+ (20. Bc2 $14) 20... Rxe7 $11 21. Bc2 Qe8 $1 22. e5 Nfxd5 (22... dxe5 $2 23. d6 Rd7 (23... Bxf3 $2 24. Qxf3 e4 25. Qg3 $18) 24. Nxe5 $18) 23. exd6 Rxe1+ 24. Qxe1 Qxe1+ (24... Ne6 $5) 25. Nxe1 Ne6 26. Bf5 {[%emt 0:00:26] Bxe6 would now be deadly.} Kf8 27. Nd3 (27. Bxe6 $14 fxe6 28. Nd3) 27... Nd4 {[%emt 0:00:15] and ...c4 should not be overlooked} 28. Bg4 c4 29. Ne5 f5 (29... f6 $11 {remains equal.} 30. Nd7+ Ke8) 30. Bh5 $16 Nf6 31. Bd1 ({White should play} 31. Be3 $1 $14 Ne6 32. Bg6) 31... Ke8 $11 32. Be3 Nc6 {[%emt 0:00:02] [#] Excellent horsemanship.} 33. Bb6 $2 Nxe5 $19 34. Kf1 Kd7 35. Bc5 Nd3 36. Bd4 Kxd6 37. Be5+ Kxe5 0-1

[Event "European Women Blitz-ch 2024"]
[Site "Monaco"]
[Date "2025.01.10"]
[Round "6.10"]
[White "Papp, Petra"]
[Black "Stefanova, Antoaneta"]
[Result "1-0"]
[Annotator "TA"]
[ECO "D02"]
[WhiteElo "2235"]
[BlackElo "2418"]
[PlyCount "145"]
[EventDate "2025.01.06"]
[EventType "swiss"]
[EventCountry "MNC"]
[SourceTitle "playchess.com"]
[Source "ChessBase"]
[SourceQuality "1"]
[TimeControl "180+2"]

1. d4 d5 2. Nf3 Nf6 3. Bf4 e6 4. e3 Bd6 5. Ne5 Nbd7 6. Nd2 Nf8 7. Bg3 Ng6 8. f4 Ne4 ({Black should try} 8... O-O $11) 9. Bd3 f5 10. Qh5 Bxe5 11. fxe5 Nxd2 12. Kxd2 c5 13. c3 c4 14. Bc2 {[%emt 0:00:03] Black is weak on the dark squares} b5 15. a3 a5 16. Qf3 Rb8 17. h4 h5 18. Bf4 Nxf4 19. Qxf4 Qe7 (19... Rb7 {is more complex.} 20. Qg3 Kf7 21. Rhf1 Rc7) 20. Rh3 Bd7 21. Rg3 Kd8 22. Qg5 Qxg5 23. Rxg5 Rh7 24. Bd1 Be8 25. Bc2 g6 26. Rg3 Rhb7 27. Rh3 Ke7 28. Rhh1 Bd7 29. Rhf1 b4 30. axb4 axb4 31. Ra6 b3 32. Bd1 Rb6 33. Ra5 Rb5 34. Ra3 R5b7 35. Be2 Bc6 36. Rfa1 Kd7 (36... Rc7 $11) 37. Ra6 (37. Ke1 $16) 37... Kc7 (37... Rb6 $11) 38. R1a5 {[%emt 0:00:01] White is more active.} ({Better is} 38. Ke1 $16) 38... Rb5 39. Ra3 R5b6 40. R6a5 Rb5 41. Ra7+ R5b7 42. R7a6 Rb6 43. Ra7+ R6b7 44. Ke1 Rxa7 45. Rxa7+ $11 {[%emt 0:00:01][%mdl 4096] Endgame KRB-KRB} Rb7 46. Ra3 Rb8 47. Kf2 Kb6 $2 (47... Kd8 $11 {and Black is okay.}) 48. Kg3 $18 Rg8 (48... Rf8 49. Kf4 Rd8) 49. Kf4 Be8 50. Kg5 Rf8 51. Ra8 (51. Bf3 $18) 51... Kb7 $2 {[%emt 0:00:01] [#]} (51... f4 $16) 52. Ra5 $2 (52. Ra1 $1 $18) 52... Kb6 53. Ra3 {[%emt 0:00:01] Threatens to win with g3.} Kb7 $2 (53... f4 $16) 54. Bf3 Kb6 55. g3 Kb7 56. Ra5 Kb6 57. Ra8 Kb7 {[%emt 0:00:01] Inhibits Rc8.} 58. Ra1 Kb6 59. Kh6 Kb7 60. Kg7 {[%emt 0:00:05] Prevents Rg8+.} Rf7+ 61. Kxg6 Rf8+ (61... f4 62. Kh6 (62. Bxh5 Rf5+ 63. Kg7 Bxh5 $11) (62. Kxh5 $2 Rg7+ 63. Kh6 Rg6+ 64. Kh7 Rxg3 $19) 62... fxg3 63. Bxh5 Rf2 64. Bxe8 Rxb2) 62. Kg5 (62. Kg7 Rf7+ 63. Kg8 Rc7 $16) 62... Rg8+ 63. Kf4 $2 (63. Kf6 $18 {is the precise move to win.}) 63... Rg7 $16 64. Ra5 Re7 (64... Bf7 $16 {was called for.} 65. Rc5 Kb8) 65. Rc5 $18 Rg7 $2 (65... Kb8 66. Bxd5 exd5) 66. Rxc4 Kb6 67. Rb4+ Kc7 68. Rxb3 Rg8 69. Ra3 Bc6 70. Ra7+ Kb6 71. Re7 Ra8 72. Rxe6 Kb5 73. c4+ 1-0

[Event "European Women Blitz-ch 2024"]
[Site "Monaco"]
[Date "2025.01.10"]
[Round "6.11"]
[White "Cramling Bellon, Anna"]
[Black "Sliwicka, Alicja"]
[Result "0-1"]
[Annotator "TA"]
[ECO "A57"]
[WhiteElo "2052"]
[BlackElo "2344"]
[PlyCount "100"]
[EventDate "2025.01.06"]
[EventType "swiss"]
[EventCountry "MNC"]
[SourceTitle "playchess.com"]
[Source "ChessBase"]
[SourceQuality "1"]
[TimeControl "180+2"]

1. d4 Nf6 2. c4 c5 3. d5 b5 4. cxb5 a6 5. Nc3 g6 6. e4 {[%emt 0:00:02] e5 is the strong threat.} d6 7. Bd2 Bg7 8. a4 O-O 9. Nf3 Nbd7 10. h3 Qa5 (10... e6 $142) 11. Bd3 $16 axb5 12. Nxb5 Qb6 13. O-O Ba6 14. Qe2 Rfb8 15. Bc3 Ne8 16. e5 (16. Rfc1 $16) 16... dxe5 17. Nxe5 Nxe5 18. Bxe5 Bxe5 19. Qxe5 Rb7 20. Rfe1 Rd8 (20... Nd6 $14) 21. d6 Nxd6 (21... Bxb5 $11 22. axb5 (22. Bxb5 Nxd6 23. Bf1 Ra8 $11) 22... Qxd6) 22. a5 Qc6 23. Nxd6 Qxd6 24. Bxa6 Qxa6 25. Rad1 $2 {[%emt 0:00:04] Repels Rd2} (25. Qxc5 $16 Rxb2 26. Qxe7 (26. Rxe7 Qf6 $16)) 25... Rc8 26. Re3 (26. Qc3 $11) 26... Qxa5 $17 27. Red3 Qc7 28. Qe2 Rcb8 29. R1d2 h5 30. Rc3 Qb6 31. Rdc2 Rc8 32. Qe5 Rbc7 33. Qg5 Qf6 (33... c4 $17) 34. Qd5 (34. Qxf6 $11 exf6 35. Rc4) 34... Kg7 35. Rc4 Qd6 36. Qf3 Rd8 (36... f6 $17) 37. Qc3+ (37. b4 $1 $11 {remains equal.}) 37... f6 38. Rxc5 Qd1+ ({Better is} 38... Qxc5 $17 39. Qxc5 Rd1+ (39... Rxc5 40. Rxc5 Rd1+ 41. Kh2 $17) 40. Kh2 Rxc5 41. Rxc5 Rd2) 39. Kh2 $11 Qd6+ (39... Ra7 $11) 40. Kg1 $17 Ra7 (40... Qxc5 $17 41. Qxc5 Rd1+ (41... Rxc5 42. Rxc5 Rd1+ 43. Kh2 $17) 42. Kh2 Rxc5 43. Rxc5 Rd2) 41. Ra5 (41. Rc1 $11) 41... Qd1+ 42. Kh2 Qd6+ $40 {[%emt 0:00:04][%mdl 128] Black has some attack.} (42... Rad7 $11) 43. Kg1 $15 Rda8 (43... Qb8 $15 44. Rc1 Rxa5 45. Qxa5 Qxb2) 44. Rxa7 $11 Rxa7 {[%emt 0:00:01][%cal Ba8a7,Ba7b7,Bb7b5,Bb5e5][%mdl 4128] Endgame KQR-KQR} 45. b4 Rb7 46. Rb2 Rb5 47. Qc4 Qb6 48. g3 Re5 49. Kg2 Qb7+ 50. Kf1 $2 (50. f3 $11) 50... Qh1# 0-1